 Dungeon Crawl Stone Soup version 0.21.1-1-g345015f (webtiles) character file.

546 gerrrit the Poker (level 7, -11/56 HPs)
             Began as a Merfolk Chaos Knight on Apr 2, 2018.
             Killed themself with a badly aimed iceblast (13 damage)
             ... on level 4 of the Dungeon.
             The game lasted 00:25:18 (5348 turns).

gerrrit the Poker (Merfolk Chaos Knight)            Turns: 5348, Time: 00:25:21

Health: -11/56     AC:  9    Str: 15 (16) XL:     7   Next: 28%
Magic:  7/7        EV: 12    Int:  9 (11) God:    Xom [.....*]
Gold:   139        SH:  3    Dex: 14      Spells: 6/6 levels left

rFire    + . .     SeeInvis .   a - +0 spear (chaos)
rCold    . . .     Gourm    .   r - +0 buckler
rNeg     . . .     Faith    .   o - +4 ring mail
rPois    .         Spirit   .   (no helmet)
rElec    .         Reflect  .   (no cloak)
rCorr    +         Harm     .   (no gloves)
MR       .....                  (no boots)
Stlth    +.........             (no amulet)
HPRegen  0.18/turn              i - ring of resist corrosion
MPRegen  0.10/turn              (no ring)

@: glowing
A: change form in water, swift swim, stealthy swim, blurry vision 1, fire
resistance 1, strong 1
a: Renounce Religion


You were on level 4 of the Dungeon.
You worshipped Xom.
You were Xom's teddy bear.
You were near starving.

You visited 1 branch of the dungeon, and saw 4 of its levels.

You collected 139 gold pieces.

Inventory:

Hand Weapons
 a - a +0 spear of chaos (weapon)
 q - a +0 spear of venom
Missiles
 f - 9 tomahawks (quivered)
Armour
 b - a +2 leather armour
 k - a +0 pair of gloves
 o - a +4 ring mail (worn)
 r - a +0 buckler (worn)
Jewellery
 i - a ring of resist corrosion (left hand)
Wands
 l - a wand of enslavement (9)
 p - a wand of iceblast (8)
Scrolls
 e - a scroll of identify
 g - a scroll of fear
 h - 3 scrolls of teleportation
 j - a scroll of magic mapping
Potions
 d - a potion of invisibility
 m - 2 potions of lignification {unknown}
 n - a potion of mutation {unknown}
Comestibles
 c - 5 rations


   Skills:
 + Level 5.1 Fighting
 + Level 7.5 Polearms
 + Level 0.3 Throwing
 + Level 2.4 Armour
 + Level 4.7 Dodging
 + Level 2.2 Stealth


You had 6 spell levels left.
You didn't know any spells.

Dungeon Overview and Level Annotations

Branches:
Dungeon (4/15)
 Temple: D:4-7

Altars:
Cheibriados
Kikubaaqudgha
Okawaru
Uskayaw
Xom
The Shining One


Innate Abilities, Weirdness & Mutations

You revert to your normal form in water.
You are very nimble and swift while swimming.
You are very stealthy in the water. (Stealth+)
Scrolls take you a little longer to read.
Your flesh is heat resistant. (rF+)
Your muscles are strong. (Str +2)


Message History

The gnoll barely misses you. The gnoll closely misses you.
The gnoll shaman barely misses you.
You hit the gnoll shaman but do no damage.
The gnoll shaman is moderately wounded.
You are near starving!
The gnoll shaman misses you. The gnoll barely misses you.
The gnoll hits you from afar with a halberd.
* * * LOW HITPOINT WARNING * * *
Aiming: Iceblast
Press: ? - help, Shift-Dir - straight line, f - gnoll
Aim: a gnoll, wielding a halberd (fast) That beam is likely to hit you.
Continue anyway?
The mass of ice explodes!
The iceblast engulfs the gnoll shaman.
The gnoll shaman is severely wounded.
The iceblast engulfs the gnoll.
The gnoll is severely wounded.
The iceblast engulfs you!
Xom thinks this is hilarious!
You die...
Xom giggles madly!

........##.....####.#.#....#+##
...#######.....# #...#.......#
...#######.....# ##..#.......#
...##...##.....### #..#.......###
...##...##.....''####>...........
...##...##.......................
...##...###.###.........#'#......
#'###...# #[# #.........#'######.
...##...# #.# #.@................
...##...###'####g#######.........
...##...##.....gg.....##.........
....'....'............##.........
#.###...##............##.........
....######............##.........
##### #######$.....##.........
#......)..........
#...(..##########.


You could see a gnoll shaman (berserk) and 2 gnolls.

Vanquished Creatures
  An ogre (D:4)
  A big kobold (D:3)
  A bullfrog (D:3)
  A crimson imp (D:3)
  An orc wizard (D:3)
  A worker ant (D:4)
  6 gnolls (D:4)
  6 adders
  A river rat (shapeshifter) (D:2)
  3 worms
  5 dart slugs
  4 leopard geckos
  7 orcs
  3 giant cockroaches
  8 hobgoblins
  2 jackals (D:3)
  A quokka (D:3)
  7 ball pythons
  9 bats
  7 frilled lizards
  7 goblins
  19 kobolds
  3 rats
104 creatures vanquished.

Notes
Turn   | Place    | Note
-------+----------+-------------------------------------------
     0 | D:1      | gerrrit the Merfolk Chaos Knight began the quest for the Orb.
     0 | D:1      | Reached XP level 1. HP: 18/18 MP: 1/1
    53 | D:1      | XOM: silly message
    96 | D:1      | Reached skill level 5 in Polearms
    96 | D:1      | Reached XP level 2. HP: 24/24 MP: 2/2
   434 | D:1      | XOM: mild Summ miscast
   473 | D:1      | Reached XP level 3. HP: 25/30 MP: 3/3
  1139 | D:2      | Found a glowing golden altar of the Shining One.
  1185 | D:2      | XOM: harmless Ice miscast
  1254 | D:2      | XOM: harmless Fire miscast
  1425 | D:2      | XOM: harmless Erth miscast
  1597 | D:2      | Reached XP level 4. HP: 37/37 MP: 4/4
  1601 | D:2      | XOM: divination: magic mapping
  1659 | D:2      | Reached skill level 1 in Armour
  2151 | D:2      | XOM: harmless Tmut miscast
  2261 | D:2      | XOM: harmless Erth miscast
  2292 | D:2      | XOM: harmless Ice miscast
  2302 | D:2      | Reached skill level 6 in Polearms
  2318 | D:2      | Reached skill level 1 in Stealth
  2318 | D:2      | Reached XP level 5. HP: 38/42 MP: 5/5
  2371 | D:2      | XOM: give mutation
  2371 | D:2      | Gained mutation: Scrolls take you a little longer to read. [Xom's mischief]
  3321 | D:3      | Reached XP level 6. HP: 42/49 MP: 6/6
  3326 | D:3      | XOM: confusion
  3355 | D:3      | XOM: harmless Air miscast
  3658 | D:3      | Reached skill level 7 in Polearms
  3778 | D:3      | XOM: potion effect (curing)
  4021 | D:3      | Found a hide-covered altar of Uskayaw.
  4027 | D:3      | Found an ancient bone altar of Kikubaaqudgha.
  4027 | D:3      | Found a snail-covered altar of Cheibriados.
  4279 | D:3      | XOM: give mutations
  4279 | D:3      | Gained mutation: Your flesh is heat resistant. (rF+) [Xom's grace]
  4279 | D:3      | Gained mutation: Your muscles are strong. (Str +2) [Xom's grace]
  4340 | D:3      | XOM: god gift: bronze wand {god gift}
  4547 | D:4      | XOM: cleaving
  4580 | D:4      | XOM: god gift: buckler {god gift}
  4742 | D:4      | XOM: fog
  4746 | D:4      | Reached XP level 7. HP: 46/55 MP: 7/7
  4768 | D:4      | Reached skill level 5 in Fighting
  4823 | D:4      | Found an iron altar of Okawaru.
  5184 | D:4      | XOM: scenery: create altars
  5334 | D:4      | XOM: god gift: 490 gold pieces
  5347 | D:4      | HP: 2/56 [gnoll/halberd (2)]
  5348 | D:4      | Killed themself with a badly aimed iceblast

Skill      XL: |  1  2  3  4  5  6  7 |
---------------+----------------------+-----
Polearms       | 5 6 7 |  7.5
Dodging        | 3 4 |  4.7
Armour         | 1 2 |  2.4
Fighting       | 4 5 |  5.1
Stealth        | 1 2 |  2.2
Throwing       | |  0.3

Action                   |  1- 3 |  4- 6 |  7- 9 || total
-------------------------+-------+-------+-------++-------
Melee: Spear             |   111 |   224 |    34 ||   369
       Tailslap          |       |     6 |       ||     6
Throw: Tomahawk          |     5 |     3 |     4 ||    12
Evoke: Wand              |       |     2 |     1 ||     3
  Use: Potion            |     6 |     2 |       ||     8
       Scroll            |     2 |    10 |     3 ||    15
 Stab: Paralysed         |     2 |     2 |       ||     4
       Invisible         |     1 |       |       ||     1
       Sleeping          |       |     2 |       ||     2
       Petrifying        |       |     2 |       ||     2
  Eat: Chunk             |     2 |     6 |     1 ||     9
       Ration            |       |     1 |       ||     1
Armor: Leather armour    |    30 |    43 |       ||    73
       Ring mail         |       |     7 |     7 ||    14
Dodge: Dodged            |    65 |   148 |    43 ||   256
Block: Buckler           |       |     2 |     5 ||     7
